Map: Thunderbird LE

Players

BallsMcKenzy - Winner!

  • Race: Protoss Protoss
  • League: Platinum
  • Spawn Location: 5:00

pHARM

  • Race: Zerg Zerg
  • League: Platinum
  • Spawn Location: 11:00

VOD

Have the link to the VOD?

Description

Time

  • Played on: Oct. 5, 2019, 2:45 p.m.
  • Length: 8:07
Show
View Real Time Build Order
Export as new Build Order

BallsMcKenzy Protoss - Winner!

Build Orders:  

Get SALT Encoding   

  12  0:00  Probe  
  13  0:15  Pylon  
  13  0:18  Probe (Chrono Boost)  
  15  0:29  Probe (Chrono Boost)  
  15  0:37  Gateway  
  15  0:47  Forge  
  15  0:51  Probe  
  16  1:06  Pylon  
  16  1:08  Probe  
  17  1:22  Probe (Chrono Boost)  
  19  1:33  Probe (Chrono Boost)  
  19  1:44  Cybernetics Core  
  19  1:51  Photon Cannon  
  19  1:54  Photon Cannon  
  19  1:55  Assimilator  
  19  1:59  Assimilator  
  19  2:06  Zealot  
  21  2:20  Probe  
  22  2:32  Probe  
  22  2:34  Pylon  
  23  2:39  Pylon  
  23  2:44  Probe (Chrono Boost)  
  23  2:47  Zealot  
  26  3:08  Nexus  
  26  3:09  Photon Cannon  
  26  3:17  Photon Cannon  
  26  3:34  Stalker  
  28  3:43  Probe  
  29  4:12  Pylon  
  29  4:14  Stalker  
  31  4:22  Stargate  
  31  4:23  Gateway  
  31  4:25  Gateway  
  31  4:28  Pylon  
  31  4:30  Protoss Ground Weapons Level 1 (Chrono Boost)  
  31  4:31  Warp Gate  
  31  4:43  Shield Battery  
  31  4:48  Stalker  
  33  4:53  Probe x2  
  35  5:10  Void Ray  
  39  5:16  Probe x2  
  41  5:29  Zealot x2  
  45  5:35  Pylon  
  45  5:43  Probe x2  
  45  5:45  Zealot  
  49  5:52  Twilight Council  
  49  6:12  Probe x2  
  49  6:18  Pylon  
  51  6:19  Shield Battery  
  51  6:20  Photon Cannon  
  51  6:24  Probe x2  
  53  6:31  Stalker  
  55  6:36  Probe  
  55  6:39  Gateway  
  56  6:49  Probe x2  
  56  6:50  Stalker  
  56  6:51  Stalker  
  62  7:25  Probe x2  
  62  7:27  Stalker x3  
  70  7:36  Gateway  
  70  7:37  Gateway  
  70  7:41  Gateway x2  
Show
View Real Time Build Order
Export as new Build Order

pHARM Zerg 

Build Orders: Hatch First 

Get SALT Encoding   

  12  0:01  Drone  
  13  0:21  Overlord  
  13  0:26  Drone  
  14  0:39  Drone x2  
  16  0:52  Hatchery  
  15  1:00  Drone x2  
  17  1:18  Spawning Pool  
  17  1:19  Drone x2  
  18  1:30  Drone  
  19  1:45  Drone  
  20  1:50  Drone  
  21  1:54  Hatchery  
  20  2:02  Drone  
  20  2:05  Zergling x2  
  20  2:08  Queen  
  22  2:10  Zergling x2  
  25  2:18  Spine Crawler  
  23  2:41  Spine Crawler  
  23  2:42  Spine Crawler  
  23  2:44  Queen  
  21  2:50  Drone x4  
  27  2:52  Overlord  
  27  3:18  Spine Crawler  
  26  3:23  Drone x5, Spine Crawler  
  26  3:24  Spine Crawler  
  28  3:43  Extractor  
  28  3:44  Extractor  
  26  3:58  Roach Warren  
  25  4:28  Drone x3  
  28  4:59  Spine Crawler  
  27  5:09  Overlord  
  27  5:10  Overlord x6  
  27  5:37  Drone x2  
  29  6:37  Roach x7  
  29  6:38  Roach x2  
  29  6:39  Hatchery  
  39  7:23  Spore Crawler  
  35  7:42  Spore Crawler  
  34  7:46  Spore Crawler x2  
  32  7:52  Drone x2  
  32  7:53  Drone x4  
Tags
 
Matchup
PvZ
Replay Pack
10.7.19
Spawn Locations
Cross Positions
Add a new tag
Caveats
  • Supply blocks, unpowered buildings, or Contaminate may cause inaccurate times.
  • Supply counts are checked every 10 seconds.